Cogmind - Beta 12 @@@ ROGUE MODE // 2023.03.12 @ 15:20:17 Player: ArabianSandBoa Result: Destroyed self with Grenade Launcher Performance ------------- Evolutions (0) 0 Regions Visited (4) 800 Robots Destroyed (19) 95 Value Destroyed (502) 502 Prototype IDs (24) 480 Alien Tech Used (0) 0 Bonus (109) 109 TOTAL SCORE: 1986 Bonus ------- Follower Combat Kills 109 Cogmind --------- Core Integrity 0/250 Matter 270/300 Energy 160/160 System Corruption 0% Temperature Cool (0) Movement Rolling (295) Ox13 Location -9/Mines Parts ------- > --- POWER (1) -------- Light Nuclear Core > --- PROPULSION (2) --- Compact Wheel > --- UTILITY (2) ------ Humpback > --- WEAPON (2) ------- Grenade Launcher Makeshift Spear > --- INVENTORY (35) --- Light Nuclear Core Micro Nuclear Core Improved Heat Sink Improved Heat Sink Medium Storage Unit High-capacity Storage Unit High-capacity Storage Unit Humpback Humpback High-capacity Matter Pod (195) Transport Network Coupler Target Analyzer Hacking Suite Makeshift System Shield Bomb Drone Bay Spread Laser Spread Laser YOLO Cannon Improved Assault Rifle Improved Assault Rifle Gauss Rifle Gauss Rifle Peak State ------------ > --- POWER ------------ Light Nuclear Core > --- PROPULSION ------- Wheel Compact Wheel > --- UTILITY ---------- Improved Heat Sink High-capacity Storage Unit > --- WEAPON ----------- Improved Assault Rifle Makeshift Spear > --- INVENTORY -------- Light Nuclear Core Micro Nuclear Core Improved Heat Sink Medium Storage Unit High-capacity Storage Unit High-capacity Matter Pod High-capacity Matter Pod Target Analyzer Hacking Suite Makeshift System Shield Bomb Drone Bay Spread Laser Spread Laser YOLO Cannon Improved Assault Rifle Gauss Rifle Grenade Launcher Grenade Launcher [Rating: 23] Favorites ----------- Power Light Nuclear Core Engine Ion Engine Power Core Light Nuclear Core Propulsion Compact Wheel Leg Aluminum Leg Wheel Compact Wheel Utility High-capacity Storage Unit Device Improved Heat Sink Storage High-capacity Storage Unit Processor Visual Processing Unit Weapon Improved Assault Rifle Energy Gun Small Laser Ballistic Gun Improved Assault Rifle Launcher Grenade Launcher Piercing Weapon Makeshift Spear Build | -11 -10 -10 -10 -9 ------- Run | Jun Mat Min Exi Min Slots Evolved . | . . . . . Power . | . . . . . Propulsion . | . . . . . Utility . | . . . . . Weapon . | . . . . . Parts Attached 16 | 3 7 2 3 1 Power 1 | . . 1 . . Engine . | . . . . . Core 1 | . . 1 . . Reactor . | . . . . . Propulsion 5 | 2 2 1 . . Treads . | . . . . . Leg . | . . . . . Wheel 5 | 2 2 1 . . Hover . | . . . . . Flight . | . . . . . Utility 4 | . 2 . 2 . Device 1 | . . . 1 . Storage 2 | . 1 . 1 . Processor 1 | . 1 . . . Hackware . | . . . . . Protection . | . . . . . Artifact . | . . . . . Weapon 6 | 1 3 . 1 1 Energy Gun . | . . . . . Energy Cannon . | . . . . . Ballistic Gun 4 | 1 3 . . . Ballistic Cannon . | . . . . . Launcher 1 | . . . . 1 Special Weapon . | . . . . . Impact Weapon . | . . . . . Slashing Weapon . | . . . . . Piercing Weapon 1 | . . . 1 . Special Melee Weapon . | . . . . . Unidentified Prototypes 1 | . 1 . . . Parts Lost 3 | . . 2 . 1 Power 1 | . . 1 . . Propulsion 2 | . . 1 . 1 Utility . | . . . . . Weapon . | . . . . . Highest Loss Streak 1 | . . 1 . 1 To Critical Strikes . | . . . . . Average Slot Usage (%) 96 | . 95 97 97 79 Engine 3 | . 14 2 . . Core 10 | . . 10 14 14 Wheel 27 | . 28 26 28 22 Device 1 | . . . 4 . Storage 14 | . 14 14 14 14 Processor 9 | . 9 14 7 . Ballistic Gun 24 | . 28 28 21 14 Piercing Weapon 3 | . . . 6 14 Naked Turns . | . . . . . Heaviest Build 210 | 13 51 51 210 210 Greatest Support 26 | 26 26 26 26 26 Greatest Overweight (x) 13 | . 1 3 8 13 Average Overweight (x) 1 | . . 1 1 8 Largest Inventory Capacity 35 | 8 20 20 35 35 Average Capacity 20 | 8 10 20 22 35 Most Carried 26 | 6 13 20 26 26 Average Carried 17 | 6 8 18 19 26 Final Capacity 35 | 8 20 20 35 35 Final Carried 26 | 6 13 20 26 26 Class Distribution -------------------- 87% | Mutant 12% | Hauler-Mutant Dominant Class ---------------- Mutant | -10/Materials Mutant | -10/Mines Mutant | -10/Exiles Hauler-Mutant | -9/Mines Resources | -11 -10 -10 -10 -9 ----------- Run | Jun Mat Min Exi Min Matter Collected 1537 | 198 269 1040 30 . Remotely . | . . . . . Salvage Created 944 | . 506 103 316 19 Parts 56 | . 28 10 18 . Haulers Intercepted 1 | . 1 . . . Recyclers Shooed 1 | . 1 . . . Parts Field Recycled . | . . . . . Retrieved Matter . | . . . . . Parts Self-Destructed . | . . . . . Prevented . | . . . . . Kills | -11 -10 -10 -10 -9 ------- Run | Jun Mat Min Exi Min Combat Hostiles Destroyed 17 | . 10 3 . 4 Melee 2 | . . . . 2 Guns 13 | . 10 3 . . AOE 2 | . . . . 2 Classes Destroyed 8 | . 6 . . 2 Hauler 1 | . 1 . . . Recycler 1 | . 1 . . . Operator 1 | . 1 . . . Watcher 1 | . 1 . . . Swarmer 4 | . 3 1 . . Grunt 9 | . 7 2 . . Demolisher 2 | . . . . 2 Assembled 2 | . . . . 2 Best Kill Streak 4 | . 4 1 . 2 Combat Bots Only 3 | . 3 1 . 2 Max Kills in Single Turn 2 | . 1 1 . 2 Gunslinging . | . . . . . Exploded 2 | . . . . 2 Melee 1 | . . . . 1 Uniques/NPCs Destroyed . | . . . . . Combat | -11 -10 -10 -10 -9 -------- Run | Jun Mat Min Exi Min Damage Taken 872 | . 351 182 . 339 Core 251 | . 72 37 . 142 Absorbed by Shields . | . . . . . Core Remaining (%) 100 | 100 . . . . Volleys Fired 64 | . 50 12 . 2 Largest 2 | . 2 2 . 1 Hottest 46 | . 46 46 . 30 Shots Fired 126 | . 100 24 . 2 Gun 124 | . 100 24 . . Cannon . | . . . . . Launcher 2 | . . . . 2 Special . | . . . . . Kinetic 124 | . 100 24 . . Thermal . | . . . . . Explosive 2 | . . . . 2 Electromagnetic . | . . . . . Robot Hit Streak 9 | . 9 8 . . Robot Miss Streak 5 | . 5 4 . . Penetration Max . | . . . . . Secondary Targets . | . . . . . Shots Hit Robots 102 | . 68 15 15 4 Core Hits 44 | . 23 7 6 8 Critical Kills . | . . . . . Critical Parts Destroyed 1 | . 1 . . . Critical Strikes 4 | . 1 . 2 1 Destroy 1 | . 1 . . . Impale 3 | . . . 2 1 Melee Attacks 21 | . . . 15 6 Impact . | . . . . . Slashing . | . . . . . Piercing 21 | . . . 15 6 Sneak Attacks . | . . . . . Combat Hostiles . | . . . . . Follow-up Attacks . | . . . . . Damage Inflicted 2247 | . 938 225 886 198 Guns 1163 | . 938 225 . . Cannons . | . . . . . Explosions 73 | . . . . 73 Melee 1011 | . . . 886 125 Ramming . | . . . . . Kinetic 1163 | . 938 225 . . Thermal . | . . . . . Explosive 73 | . . . . 73 Electromagnetic . | . . . . . Impact . | . . . . . Slashing . | . . . . . Piercing 1011 | . . . 886 125 Highest Corruption . | . . . . . Average Corruption . | . . . . . Corruption Purged . | . . . . . Corruption Blocked . | . . . . . Overload Shots . | . . . . . Overflow Damage 67 | . . . 67 . Projectiles . | . . . . . Explosions . | . . . . . Melee 67 | . . . 67 . Knockbacks . | . . . . . Impact . | . . . . . Kinetic . | . . . . . Secondary . | . . . . . Self-Inflicted Damage 26 | . . . . 26 Shots 1 | . . . . 1 Rammed . | . . . . . Targets Rammed . | . . . . . Kicked . | . . . . . Crushed . | . . . . . Highest Temperature 435 | . 435 6 . . Average Temperature 81 | . 90 3 . . Received Heat Transfer 219 | . 150 69 . . Effects 1 | . 1 . . . Shutdowns 1 | . 1 . . . Siege Activations . | . . . . . Robots Corrupted . | . . . . . Combat Hostiles . | . . . . . Parts Fried . | . . . . . Impact Corruptions . | . . . . . Robots Melted . | . . . . . Combat Hostiles . | . . . . . Parts Melted . | . . . . . Heat Transferred . | . . . . . Parts Sabotaged . | . . . . . Parts Stolen . | . . . . . Parts Stripped . | . . . . . Power Chain Reactions . | . . . . . Missiles Intercepted . | . . . . . Alert | -11 -10 -10 -10 -9 ------- Run | Jun Mat Min Exi Min Peak Influence 285 | . 285 277 . 46 Initial 111 | . . 111 . . Average 143 | . 182 143 . 12 Maximum Alert Level 1 | . 1 1 . . Low Security (%) 70 | 100 47 79 . 100 Level 1 29 | . 52 20 . . Level 2 . | . . . . . Level 3 . | . . . . . Level 4 . | . . . . . Level 5 . | . . . . . High Security . | . . . . . Max Security . | . . . . . Squads Dispatched 3 | . 3 . . . Investigation 1 | . 1 . . . Extermination . | . . . . . Reinforcement 2 | . 2 . . . Assault . | . . . . . Garrison . | . . . . . Intercept . | . . . . . Searches Triggered . | . . . . . Construction Impeded . | . . . . . Haulers Reinforced . | . . . . . Active Scanning Responses . | . . . . . Cargo Convoy Interrupts . | . . . . . Stealth | -11 -10 -10 -10 -9 --------- Run | Jun Mat Min Exi Min Distress Signals 4 | . 4 . . . Communications Jammed . | . . . . . Distress Signals . | . . . . . Times Spotted 30 | . 15 8 . 7 Peak Tracking Total 5 | . 4 3 . 5 Tactical Retreats 2 | . 1 1 . . Traps | -11 -10 -10 -10 -9 ------- Run | Jun Mat Min Exi Min Traps Triggered . | . . . . . Indirectly . | . . . . . Trap Hack Attempts . | . . . . . Triggered . | . . . . . Disarmed . | . . . . . Reprogrammed . | . . . . . Reused . | . . . . . Traps Extracted . | . . . . . Installed . | . . . . . Triggered . | . . . . . Machines | -11 -10 -10 -10 -9 ---------- Run | Jun Mat Min Exi Min Machines Disabled 1 | . . 1 . . Max in Single Turn 1 | . . 1 . . Machines Repaired . | . . . . . Machines Sabotaged . | . . . . . Overloaded Fab Kills . | . . . . . Hacking | -11 -10 -10 -10 -9 --------- Run | Jun Mat Min Exi Min Machines Accessed 7 | . 1 1 5 . Terminals 1 | . 1 . . . Fabricators . | . . . . . Repair Stations . | . . . . . Recycling Units . | . . . . . Scanalyzers . | . . . . . Garrison Access . | . . . . . Total Hacks 54 | . 3 1 50 . Successful 52 | . 1 1 50 . Failed 2 | . 2 . . . Catastrophic . | . . . . . Database Lockouts . | . . . . . Manual 4 | . 3 . 1 . Terminals 3 | . 3 . . . Fabricators . | . . . . . Repair Stations . | . . . . . Recycling Units . | . . . . . Scanalyzers . | . . . . . Garrison Access . | . . . . . Terminal Hacks 51 | . . 1 50 . Record 49 | . . . 49 . Open Door 1 | . . 1 . . EX-Prototype ID Bank 1 | . . . 1 . Fabricator Hacks . | . . . . . Repair Station Hacks . | . . . . . Recycling Unit Hacks . | . . . . . Scanalyzer . | . . . . . Garrison Access Hacks . | . . . . . Unauthorized Hacks 1 | . 1 . . . Terminals 1 | . 1 . . . Botnet 1 | . 1 . . . Fabricators . | . . . . . Repair Stations . | . . . . . Recycling Units . | . . . . . Scanalyzers . | . . . . . Garrison Access . | . . . . . Data Cores Recovered . | . . . . . Used . | . . . . . Hacking Detections 1 | . 1 . . . Full Trace Events 1 | . 1 . . . Feedback Events . | . . . . . Feedback Blocked . | . . . . . Robot Schematics Acquired . | . . . . . Robots Built . | . . . . . Authchips . | . . . . . Time . | . . . . . Total Robot Build Rating . | . . . . . Part Schematics Acquired . | . . . . . Parts Built . | . . . . . Authchips . | . . . . . Time . | . . . . . Total Part Build Rating . | . . . . . Parts Repaired . | . . . . . Time . | . . . . . Parts Recycled . | . . . . . Recycled Matter . | . . . . . Retrieved Matter . | . . . . . Retrieved Components . | . . . . . Parts Scanalyzed . | . . . . . Part Schematics Acquired . | . . . . . Parts Damaged . | . . . . . Bothacking | -11 -10 -10 -10 -9 ------------ Run | Jun Mat Min Exi Min Used RIF Installer . | . . . . . Robots Hacked . | . . . . . Non-combat . | . . . . . Combat . | . . . . . Robot Hacks Applied . | . . . . . Relay Couplers Released . | . . . . . Fabnet Peak Effective % . | . . . . . Robots Rewired 1 | . . . 1 . Allies Hacked . | . . . . . Hacks Repelled . | . . . . . Allies | -11 -10 -10 -10 -9 -------- Run | Jun Mat Min Exi Min Total Allies 3 | . . 2 1 . Largest Group 2 | . . 2 2 1 Highest-Rated Group 48 | . . 48 48 8 Highest-Rated Ally 31 | . . 31 31 8 Total Orders . | . . . . . Ally Attacks 12 | . . 10 . 2 Total Damage 128 | . . 105 . 23 Kills 5 | . . 4 . 1 Allies Corrupted . | . . . . . Allies Melted . | . . . . . Intel | -11 -10 -10 -10 -9 ------- Run | Jun Mat Min Exi Min Robot Analysis Total . | . . . . . Derelict Logs Recovered 1 | . . 1 . . Drone Launches . | . . . . . Drone Recoveries . | . . . . . Exploration | -11 -10 -10 -10 -9 ------------- Run | Jun Mat Min Exi Min Turns Passed 2105 | 5 382 650 954 114 Spaces Moved 1505 | 1 170 538 753 43 Core . | . . . . . Treads . | . . . . . Legs . | . . . . . Wheels 1505 | 1 170 538 753 43 Hover . | . . . . . Flight . | . . . . . Fastest Speed 90 | 90 90 105 90 210 Average Speed 112 | 90 96 108 113 225 Slowest Speed 295 | 90 105 145 210 295 Overloaded Moves . | . . . . . Propulsion Burnouts . | . . . . . Robots Hopped . | . . . . . Cave-ins Triggered . | . . . . . Exploration Rate (%) 46 | 1 23 99 92 18 Regions Visited 4 Branch Regions 3 Pre-discovered Areas 2 | . . 1 1 . Known Exits Taken . | . . . . . Unknown Exits Taken 4 | 1 1 1 1 . Scrap Searched 1 | . . 1 . . Spaces Dug . | . . . . . Terrain Destroyed 12 | . . . . 12 Melee . | . . . . . Projectile . | . . . . . AOE 12 | . . . . 12 Terrain Rammed . | . . . . . Walls Destroyed . | . . . . . Machines Disabled . | . . . . . Actions | -11 -10 -10 -10 -9 --------- Run | Jun Mat Min Exi Min Total 1779 | 3 294 578 852 52 Wait 78 | . 45 18 15 . Move 1501 | . 169 537 752 43 Hop . | . . . . . Pick Up 48 | . 12 8 28 . Fast Attach 6 | . 3 1 2 . Attach 1 | . . 1 . . Detach 1 | . 1 . . . Swap 9 | 3 4 . 1 1 Drop 39 | . 10 1 28 . Fire 64 | . 50 12 . 2 Melee 21 | . . . 15 6 Ram . | . . . . . Kick . | . . . . . Crush . | . . . . . Escape Stasis . | . . . . . Rewire 11 | . . . 11 . Trap . | . . . . . Miscellaneous . | . . . . . Route ------- -11/Junkyard -10/Materials -10/Mines (discovered 3 exits: [*Mat x2] / *Exi) -10/Exiles -9/Mines History --------- Turn | Location | Event 6 | -11/Junkyard | Discovered new exit (range 0) 6 | -11/Junkyard | Entered Materials 49 | -10/Materials | Discovered new exit (range 16) 328 | -10/Materials | Build established: Mutant 388 | -10/Materials | Entered Mines 689 | -10/Mines | Discovered new exit (range 8) 807 | -10/Mines | Found the Drone Emporium 813 | -10/Mines | Found Prototype Device 870 | -10/Mines | Discovered new exit (range 16) 1021 | -10/Mines | Deemed a non-threat by the Exiles lab entrance 1021 | -10/Mines | Discovered new exit (range 5) 1038 | -10/Mines | Entered Exiles 1038 | -10/Exiles | Found Exiles lab destroyed 1038 | -10/Exiles | Accompanied by 2 allies 1068 | -10/Exiles | Led the pair of lost Derelicts to a safe place 1141 | -10/Exiles | Learned location of Zion (-6) 1364 | -10/Exiles | Opened EX-Vault 1387 | -10/Exiles | Found YOLO Cannon 1969 | -10/Exiles | Discovered new exit (range 11) 1992 | -10/Exiles | Entered Mines 1992 | -9/Mines | Accompanied by 1 ally 2046 | -9/Mines | Assembled infested the area 2065 | -9/Mines | Core integrity fell below 50% 2070 | -9/Mines | Core integrity fell below 20% 2100 | -9/Mines | A weapon hastily lodged in a ceiling crevice suddenly fell to the ground 2106 | -9/Mines | Destroyed self with Grenade Launcher Last Messages --------------- 02086_ The unstable cave ceiling collapses. 02088_ U-05 Engineer lays Concrete. 02090_ The unstable cave ceiling collapses. 02090_ U-05 Engineer lays Concrete. 02091_ The unstable cave ceiling collapses. 02091_ U-05 Engineer builds a Wall. 02092_ The unstable cave ceiling collapses. 02093_ U-05 Engineer lays Concrete. 02094_ U-05 Engineer builds a Wall. 02095_ U-05 Engineer lays Concrete. 02096_ The unstable cave ceiling collapses. 02100_ An Enh. Flamer has been hastily shoved under some rubble with a note attached: "One is never enough." 02100_ as-46052 sneak attacks. 02102_ The unstable cave ceiling collapses. 02103_ K-01 Serf collects debris. 02104_ The unstable cave ceiling collapses. 02104_ as-12458 destroyed. 02104_ as-88508 destroyed. 02105_ The unstable cave ceiling collapses. Map ----- +----------------------------------------------------+ | ???????????????????????????????????????????? | | ???????????????????????????????????????????? | | ???????????????????????????????????????????? | | ???????????????????????????????????????????? | | ???????????????????????????????????????????? | | ???????????????????????????????????????????? | | ???????????????????????????????????????????? | | ???????????????????????????????????????????? | | ???????????????????????????????????????????? | | ???????????????????????????????????????????? | | ???????????????????????????????????????????? | | ?????????????????????????? ????????????????? | | ?????????????????????????? ????????????????? | | ?????????????????????????? ????#???????????? | | ?????????????????????????? """ ????????????? | | ?????????????????????????? """ ????????????? | | ?????????????????????????? """ ????????????? | | ?????????????????????????? ?????????????? | | ?????????????????????????? ?????????????? | | ?????????????###??????????# #???#?????????? | | ????????????## #?????????# ### ??????????? | | ????????????# ######?### ???????????? | | ????????????# ### # ##???????????? | | ????????????# # ##??????????? | | ?????????????# a # #??????????? | | ?????????????#### @| % # ##??????????? | | ????????????????## # #??????????? | | ?????????????????## ## #??????????? | | ??????????????????# #% ###??????????? | | ??????????????????# ## #???????????? | | ??????????????????## u# # ##???????????? | | ???????????????????# ## ##??????????? | | ???????????????????# ##### #??????????? | | ???????????????????# #??## #??????????? | | ???????????????????# #??# #??????????? | | ??????????????????? #?## """k #??????????? | | ???????????????????###### """ ##??????????? | | ????????????????????# """ #???????????? | | ????????????????????## #???????????? | | ?????????????????????## ##???????????? | | ??????????????????##### ####????????????? | | ??????????????????# ##???????????????? | | ??????????????????# ### ##????????????????? | | ??????????????????# #?# #?????????????????? | | ??????????????????# #?## #?????????????????? | | ??????##########??# #??# #?????????????????? | | ??????# #??# #??# #?????????????????? | | ??????# """ #### #### #?????????????????? | | ??????# """ #?????????????????? | | ??????# """ ###### ####?????????????????? | +----------------------------------------------------+ Best States ------------- Heat Dissipation 39 Energy Generation 14 Energy Capacity 250 Matter Stores 300 Matter Capacity 300 Sight Range 18 Terrain Scan Density 10 Evasion (%) 42 Item Schematics ----------------- None Robot Schematics ------------------ None Fabricated ------------ Nothing Alien Tech Used ----------------- None Achievements -------------- None Challenges ------------ None Game ------ Seed SurveybotPhaseTearclaws Manual? 0 Play Time 00:18:11 Cumulative 450.5 hours Start 2023.03.12 @ 14:46:16 End 2023.03.12 @ 15:20:17 Sessions 1 Manual Loads 0 Difficulty Rogue Special Mode None Game No. 503 Rogue 503 Adventurer 0 Explorer 0 Win Type - Total 1 Types 1/0/0/0/0/0/0/0/0 Lore% 60 Gallery% 79 Achievement% 65 Wizard Run 0 Options --------- ASCII 0 Keyboard 0 Movement Mouse Keybinds 0 Fullscreen 2 Font 24/Smallcaps Map View 76x50 Tactical HUD 1 Map Filters NONE Filters NONE Steam 1 RUN: 18dbd6b0-3a30-4636-b1ea-44c86c5989e9